[Event "Bangabandhu Premier Div League 2022"]
[Site "Dhaka"]
[Date "2022.12.02"]
[Round "3.1"]
[White "Haque, Rezaul"]
[Black "Hossain, Enamul"]
[Result "0-1"]
[ECO "A07"]
[WhiteElo "1949"]
[BlackElo "2392"]
[Annotator "TA"]
[PlyCount "72"]
[EventDate "2022.11.30"]
[EventType "team-tourn"]
[EventCountry "BAN"]
[SourceTitle "playchess.com"]
[Source "ChessBase"]
[SourceQuality "1"]
[TimeControl "40/5400+30:1800+30"]

1. Nf3 d5 2. g3 g6 3. Bg2 Bg7 4. d3 e5 5. O-O Nc6 6. c3 {[%emt 0:01:07] A07: Réti Opening: New York and Capablanca Systems.} Nge7 7. e4 d4 8. cxd4 {[%emt 0:04:33] The position is equal.} Nxd4 9. Nxd4 Qxd4 10. Nc3 {[%emt 0:00:49] [#]} (10. Qc2 $5 ) 10... Be6 $146 ({Predecessor:} 10... c6 11. Be3 Qd6 12. Qc2 O-O 13. Rfd1 b6 14. a3 c5 15. b4 cxb4 16. axb4 Bg4 17. f3 Bd7 18. b5 Rfc8 19. Qb2 Rc7 20. Bf1 {½-½ (20) Troyke,C (2332)-Zajogin,A (2413) Germany 2018}) 11. Be3 (11. Nd5 {seems wilder.} Bxd5 12. Be3 Qxb2 13. exd5 O-O 14. Bc5) 11... Qd7 12. Qa4 Qxa4 13. Nxa4 b6 14. Nc3 O-O-O $1 15. Rfd1 Rd7 16. b4 Rhd8 17. Bf1 Nc6 18. a3 Kb8 19. Rdc1 Nd4 {[%emt 0:01:42] And now ...Nb3 would win.} 20. Bxd4 {[%emt 0:02:11] White is now going downhill.} Rxd4 21. Nb5 R4d7 22. a4 Bf8 23. Rab1 a6 24. Na3 a5 25. Nc2 axb4 {[%emt 0:00:20] Black is more active.} 26. Nxb4 Bxb4 27. Rxb4 Rd4 $36 {[%emt 0:00:04][%mdl 2048] Against a5. Keeping White busy.} 28. Rcb1 (28. Rbb1 $17) 28... Rxb4 $19 29. Rxb4 {[%emt 0:00:37][%mdl 4096] Endgame KRB-KRB} Rd4 {[%emt 0:00:54] Against a5} 30. Rb5 Rxa4 31. Rxe5 $2 (31. f4) 31... c6 {[%emt 0:00:42] aiming for ...Kc7.} 32. f4 {[%emt 0:08:56] [#]} Kc7 $1 33. d4 Rxd4 {[%emt 0:01:07] Threatens to win with ...Kd6.} 34. f5 gxf5 35. exf5 Bd5 36. f6 b5 {[%emt 0:00:27] Weighted Error Value: White=0.21 (precise) /Black=0.02 (flawless)} 0-1

[Event "Bangabandhu Premier Div League 2022"]
[Site "Dhaka"]
[Date "2022.12.02"]
[Round "3.2"]
[White "Narayanan.S.L"]
[Black "Rahman, Siddiqur"]
[Result "1-0"]
[ECO "D45"]
[WhiteElo "2673"]
[BlackElo "1970"]
[Annotator "TA"]
[PlyCount "96"]
[EventDate "2022.11.30"]
[EventType "team-tourn"]
[EventCountry "BAN"]
[SourceTitle "playchess.com"]
[Source "ChessBase"]
[SourceQuality "1"]
[TimeControl "40/5400+30:1800+30"]

1. d4 d5 2. c4 c6 3. Nf3 Nf6 4. Nc3 e6 5. e3 Nbd7 6. Qc2 a6 7. b3 b5 8. Bb2 {[%emt 0:07:54] D45: Semi-Slav: 5 e3.} Bb7 9. c5 g6 10. Bd3 {[%emt 0:01:36] White is slightly better.} Bg7 {[%emt 0:01:01] [#]} 11. O-O $146 ({Predecessor:} 11. b4 a5 12. a3 O-O 13. O-O Qc7 14. h3 Nb8 15. Ne2 Na6 16. bxa5 Nd7 17. Bc3 {0-1 (39) Yuffa,D (2527)-Kevlishvili,R (2445) Tarvisio 2017}) 11... O-O 12. e4 {[%emt 0:01:23] Prevents e5.} b4 13. Na4 {[%emt 0:00:14] next e5 is good for White.} dxe4 14. Bxe4 Nxe4 15. Qxe4 Nf6 16. Qc2 Nd5 {[%emt 0:01:12] Against Nb6} 17. Bc1 a5 18. Bg5 Qc7 19. Rfe1 Ba6 20. Nb2 h6 21. Bh4 (21. Bd2 $11) 21... Qf4 22. Bg3 (22. Nc4 {is interesting.} Bxd4 23. Bg3 Qf6 24. Nxd4 Qxd4 25. Be5) 22... Qf5 23. Qd2 g5 24. Ne5 Bxe5 25. Rxe5 Qf6 26. Rae1 Ne7 27. Nd1 Ng6 {[%emt 0:00:45] Prevents f4.} 28. R5e4 Rad8 {[%emt 0:00:19] [#]} (28... Rfd8 $14) 29. Ne3 $1 $16 Rd7 (29... Qg7 $16 {was necessary.} 30. Bd6 Bb5 31. Bxf8 Nxf8) 30. Bd6 Rfd8 31. Ng4 Qg7 32. Ne5 {[%emt 0:00:03] Inhibits f5. White is more active.} Rxd6 (32... Nxe5 $16 {might work better.} 33. dxe5 (33. Rxe5 Qg6 $16) 33... Qg6) 33. cxd6 $18 Rxd6 34. Nxg6 Qxg6 35. Qe3 {[%emt 0:00:33] Inhibits c5.} Rd5 36. Re5 Bd3 37. Rxd5 cxd5 {[%emt 0:00:29][%mdl 4096] Endgame KQR-KQB} 38. Rc1 Bb1 39. Qd2 Qe4 40. f3 Qd3 (40... Qf5 {was called for.} 41. Rc5 h5 42. Rxa5 Kg7) 41. Qxd3 Bxd3 {[%emt 0:30:02] KR-KB} 42. Rc5 a4 (42... Kf8 $142 43. Rxa5 Bb1) 43. bxa4 Bc4 {[%emt 0:00:01] [#]} 44. Rb5 $1 Bxa2 (44... Kf8 45. Rxb4) 45. Rxb4 {[%emt 0:00:14] And now a5 would win.} Kf8 46. a5 Bc4 {[%emt 0:00:18] [#]} 47. Rxc4 $1 dxc4 48. a6 {[%emt 0:00:05] White wants to mate with a7.} Kg8 {[%emt 0:02:42] Weighted Error Value: White=0.11 (very precise) /Black=0.42} 1-0

[Event "Bangabandhu Premier Div League 2022"]
[Site "Dhaka"]
[Date "2022.12.02"]
[Round "3.2"]
[White "Koustav Chatterjee"]
[Black "Ghosh, Diptayan"]
[Result "0-1"]
[ECO "E32"]
[WhiteElo "2496"]
[BlackElo "2544"]
[Annotator "TA"]
[PlyCount "54"]
[EventDate "2022.12.01"]
[EventCountry "BAN"]
[SourceTitle "playchess.com"]
[Source "ChessBase"]
[SourceQuality "1"]
[TimeControl "40/5400+30:1800+30"]

1. d4 Nf6 2. c4 e6 3. Nc3 Bb4 4. Qc2 d6 5. e3 O-O 6. Bd3 {[%emt 0:00:00] E32: Nimzo-Indian: Classical (4 Qc2): 4...0-0.} Bxc3+ 7. Qxc3 e5 8. Ne2 {[%emt 0:02:00] White is slightly better.} e4 9. Bc2 {[%emt 0:00:00] [#]} d5 $146 ({Predecessor:} 9... c6 10. Ng3 d5 11. b3 h5 12. h3 {½-½ (12) Maiorov,N (2521)-Istratescu,A (2596) Aschach 2016}) 10. cxd5 Nxd5 11. Qa3 Re8 12. O-O Bf5 13. Ng3 Bg6 14. Qb3 $36 {[%emt 0:01:00][%cal Oc2e4][%mdl 2048] White has good play.} Nc6 15. Bd2 ({Reject} 15. Qxb7 Ndb4 16. Qb5 Nxd4 17. exd4 Nxc2 $17) 15... Qd7 (15... Re6 $11) 16. Qxb7 $16 Rab8 17. Qa6 h5 18. Ba4 {[%emt 0:00:00] Inhibits h4.} ({Better is} 18. Bb3 $16) 18... Rb6 $1 $14 19. Qc4 {[%emt 0:00:00] Black must now prevent Rfc1.} h4 20. Rfc1 (20. Ne2 $16) 20... Re6 $1 $11 ({Don't play} 20... hxg3 21. Bxc6 gxf2+ 22. Kxf2 Qf5+ 23. Kg1 Rxb2 24. Qxd5 $16) 21. Ne2 Bh5 $1 {[%emt 0:00:00] ...Rg6 is the strong threat.} 22. Nf4 {[%emt 0:00:00][%mdl 8192] Inhibits Rg6.} (22. Ba5 $11 Nxa5 23. Bxd7 Nxc4 24. Bxe6 Rxe6 25. Rxc4 Bxe2 26. Rc5) 22... Nxf4 $19 23. exf4 {[%emt 0:00:00] [#] Threatens to win with d5.} Rg6 $1 24. Be3 Bf3 25. Kf1 Rxg2 {[%emt 0:00:00][%cal Og2g1] ( -> ...Rg1+!)} ({And not} 25... Bxg2+ 26. Ke1 Bf3 27. Rab1 $19) 26. b3 {[%emt 0:00:00] [#]} Rg1+ $3 27. Kxg1 {[%emt 0:00:00] [#] aiming for Kf1.} Qh3 $1 {[%emt 0:00:00][%mdl 64] Weighted Error Value: White=1.19/Black=0.27 (precise)} 0-1

[Event "Bangabandhu Premier Div League 2022"]
[Site "Dhaka"]
[Date "2022.12.02"]
[Round "3.3"]
[White "Mitrabha, Guha"]
[Black "Rahman, Syed Mahfuzur"]
[Result "*"]
[ECO "A67"]
[WhiteElo "2474"]
[BlackElo "2130"]
[Annotator "TA"]
[PlyCount "54"]
[EventDate "2022.12.01"]
[EventCountry "BAN"]
[SourceTitle "playchess.com"]
[Source "ChessBase"]
[SourceQuality "1"]
[TimeControl "40/5400+30:1800+30"]

1. d4 Nf6 2. c4 c5 3. d5 e6 4. Nc3 exd5 5. cxd5 d6 6. e4 g6 7. f4 Bg7 8. Bb5+ Nfd7 9. a4 O-O 10. Nf3 a6 11. Bd3 Nf6 12. O-O Bg4 13. h3 Bxf3 14. Qxf3 Nbd7 15. Be3 Qc7 {[%emt 0:00:30] A67: Modern Benoni: Taimanov Variation.} (15... Qa5 $14) 16. Rfc1 {[%emt 0:00:30] White is more active.} (16. a5 $16) 16... Rfe8 (16... c4 $11 {remains equal.} 17. Bc2 Rac8) 17. a5 $16 Rac8 {[%emt 0:01:00] [#] White is slightly better.} 18. Kh1 $146 (18. Ra4 $16) ({Predecessor:} 18. Bf2 Re7 19. Ra4 Qd8 20. Nb1 c4 21. Bc2 Nh5 22. Nc3 Bh6 23. Be3 f5 24. exf5 Rxe3 25. Qxe3 Nxf4 {1-0 (87) Farago,I-Flesch,J Budapest 1969}) 18... Qd8 (18... c4 $1 $11 {keeps the balance.} 19. Bc2 Nc5) 19. Ra4 h6 20. b3 (20. Rd1 $16) 20... Nh5 (20... c4 $1 $14 21. bxc4 (21. Rxc4 Rxc4 22. bxc4 Qxa5 $11) (21. Bxc4 Nc5 $11) 21... Nc5) 21. Nb1 (21. g4 $16 Nhf6 22. Bd2) 21... Bd4 $1 $11 22. Bd2 Qh4 {[%emt 0:00:00] ...g5 is the strong threat.} 23. Kh2 (23. g4 $5 Qg3 24. Be2 Qxf3+ 25. Bxf3 $11) 23... Qf6 (23... Bf2 $11) 24. Na3 $16 Ng7 25. Nc4 h5 26. Rf1 h4 (26... Qe7 $16) 27. Qg4 Qe7 {[%emt 0:00:30] Weighted Error Value: White=0.36/Black=0.45} (27... Qd8 $16 {might work better.} 28. Be1 (28. Nxd6 Ne5 $16) 28... Nf6) *

[Event "Bangabandhu Premier Div League 2022"]
[Site "Dhaka"]
[Date "2022.12.02"]
[Round "3.3"]
[White "Mohammad Nubairshah Shaikh"]
[Black "Chatterjee, Debaraj"]
[Result "1-0"]
[ECO "A67"]
[WhiteElo "2439"]
[BlackElo "2196"]
[Annotator "TA"]
[PlyCount "73"]
[EventDate "2022.12.01"]
[EventCountry "BAN"]
[SourceTitle "playchess.com"]
[Source "ChessBase"]
[SourceQuality "1"]
[TimeControl "40/5400+30:1800+30"]

1. d4 Nf6 2. c4 c5 3. d5 e6 4. Nc3 exd5 5. cxd5 d6 6. e4 g6 7. f4 Bg7 8. Bb5+ Nfd7 9. a4 O-O 10. Nf3 a6 11. Bd3 Nf6 12. O-O Bg4 13. h3 Bxf3 14. Qxf3 Nbd7 15. Be3 Qc7 {[%emt 0:00:30] A67: Modern Benoni: Taimanov Variation.} (15... Qa5 $14 {deserves consideration.}) 16. Rfc1 {[%emt 0:00:30] White is more active.} (16. a5 $16) 16... Rfe8 (16... c4 $11 {keeps the balance.} 17. Bc2 Rac8) 17. a5 $16 Rac8 {[%emt 0:00:00] [#] White is better.} 18. Kh1 $146 (18. Ra4 $14) ({Predecessor:} 18. Bf2 Re7 19. Ra4 Qd8 20. Nb1 c4 21. Bc2 Nh5 22. Nc3 Bh6 23. Be3 f5 24. exf5 Rxe3 25. Qxe3 Nxf4 {1-0 (87) Farago,I-Flesch,J Budapest 1969}) 18... Qd8 (18... c4 $1 $11 {remains equal.} 19. Bc2 Nc5) 19. Ra4 h6 20. b3 (20. Bc2 $16) 20... Nh5 (20... c4 $1 $11 21. bxc4 (21. Rxc4 Rxc4 22. bxc4 Qxa5 $11) (21. Bxc4 Nc5 $11) 21... Nc5) 21. Nb1 (21. g4 $16 Nhf6 22. Kg2) 21... Bd4 $1 $11 22. Bd2 Qh4 {[%emt 0:00:00] Hoping for ...g5.} 23. Kh2 (23. g4 $5 Qg3 24. Be2 Qxf3+ 25. Bxf3 $11) 23... Qf6 $2 {[%emt 0:00:00] [#]} (23... Bf2 $11) 24. Na3 $1 $16 Ng7 25. Nc4 h5 26. Rf1 h4 (26... Qe7 $16 27. Be1 f5) 27. Qg4 Qe7 (27... Qd8 $16 28. Nxd6 Ne5 29. fxe5 (29. Qxc8 Qxd6 30. Qxb7 Nxd3 $16) 29... Bxe5+ 30. Kg1 Qxd6) 28. Be1 $18 Bf6 (28... Nf6 {is a better defense.} 29. Qxh4 Rb8) 29. Ra2 g5 (29... Rcd8 $142 30. Kh1 Nh5) 30. g3 hxg3+ 31. Bxg3 gxf4 32. Bxf4 Ne5 33. Nxe5 Bxe5 34. Rg2 Bxf4+ 35. Rxf4 f6 36. e5 fxe5 {[%emt 0:00:29] [#]} 37. Qg6 $1 {[%emt 0:00:00][%mdl 64] Weighted Error Value: White=0.23 (precise) /Black=0.79} 1-0

[Event "Bangabandhu Premier Div League 2022"]
[Site "Dhaka"]
[Date "2022.12.02"]
[Round "3.3"]
[White "Nayan Kumar, Mohanto"]
[Black "Idani, Pouya"]
[Result "0-1"]
[ECO "A40"]
[WhiteElo "1976"]
[BlackElo "2631"]
[Annotator "TA"]
[PlyCount "64"]
[EventDate "2022.11.30"]
[EventType "team-tourn"]
[EventCountry "BAN"]
[SourceTitle "playchess.com"]
[Source "ChessBase"]
[SourceQuality "1"]
[TimeControl "40/5400+30:1800+30"]

1. d4 g6 2. Nf3 Bg7 3. g3 c5 4. Bg2 cxd4 5. Nxd4 Nf6 6. e4 {[%emt 0:04:24] A40: Unusual replies to 1 d4.} d6 7. h3 O-O 8. O-O {[%emt 0:00:21] The position is equal.} Nc6 9. Be3 Bd7 10. c3 a6 11. Nd2 Qc7 {[%emt 0:00:05] [#]} 12. Rc1 $146 ({Predecessor:} 12. Qe2 Rac8 13. Rfe1 Ne5 14. Rad1 Nc4 15. Nxc4 Qxc4 16. Qxc4 Rxc4 17. e5 dxe5 18. Nf3 {1-0 (34) Nuenchert,E (2086)-Bussler,J (1940) Binz 2016}) 12... Rac8 (12... e5 $5 ) 13. Re1 Rfe8 14. N2b3 Ne5 15. Nd2 {[%emt 0:00:25] This move loses the game for White.} ({White should try} 15. Nc2 $15) 15... Nd3 $1 $19 16. Qe2 Nxe1 17. Rxe1 b5 18. Qd3 e5 19. Nc2 Be6 20. Bg5 Nd7 21. Nb4 Nc5 22. Qb1 a5 23. Nd5 Bxd5 24. exd5 f5 25. Nb3 e4 26. Rd1 (26. Nxc5 $142 Qxc5 27. Rd1) 26... Nd3 27. Bf1 a4 28. Nd4 {[%emt 0:00:00] [#]} (28. Bxd3 exd3 29. Nc1) 28... Bxd4 {[%emt 0:00:00] Black is clearly winning.} 29. cxd4 Qc2 30. Bxd3 exd3 31. Be3 Qxb1 32. Rxb1 {[%emt 0:00:01] [#]} Rxe3 $1 {[%emt 0:00:00][%mdl 512] Weighted Error Value: White=0.72/Black=0.27 (precise)} 0-1

[Event "Bangabandhu Premier Div League 2022"]
[Site "Dhaka"]
[Date "2022.12.02"]
[Round "3.4"]
[White "Mohammad Nubairshah Shaikh"]
[Black "Chatterjee, Debaraj"]
[Result "1-0"]
[ECO "D93"]
[WhiteElo "2439"]
[BlackElo "2196"]
[Annotator "TA"]
[PlyCount "117"]
[EventDate "2022.12.01"]
[EventCountry "BAN"]
[SourceTitle "playchess.com"]
[Source "ChessBase"]
[SourceQuality "1"]
[TimeControl "40/5400+30:1800+30"]

1. d4 d5 2. Bf4 Nf6 3. e3 g6 4. c4 c6 5. Nc3 Bg7 6. Nf3 O-O 7. h3 Nbd7 8. cxd5 Nxd5 9. Nxd5 cxd5 10. Be2 {[%emt 0:01:00] D93: Grünfeld: 4 Nf3 Bg7 5 Bf4 0-0 6 e3.} Qa5+ 11. Qd2 Qxd2+ 12. Kxd2 {[%emt 0:00:00] White is slightly better.} f6 13. Rhc1 {[%emt 0:01:00] [#]} a6 $146 ({Predecessor:} 13... e5 14. Bg3 Re8 15. Bb5 a6 16. Rxc8 axb5 17. Rc7 Nb6 18. Rxb7 Nc4+ 19. Ke2 Nxb2 20. Rxb5 {1-0 (35) Jankovic,A (2548)-Bobanac,M (2245) Porec 2022}) 14. Ke1 Re8 15. Bh2 Bf8 16. Bd1 e6 17. g4 Nb6 18. b3 Bd7 (18... Ba3 $11 {remains equal.}) 19. Bc7 (19. g5 $16) 19... Nc8 $11 20. g5 fxg5 21. a4 Nd6 22. Ne5 Bc8 23. Ng4 Kg7 {[%emt 0:00:00] Prevents Nf6.} 24. Bb6 h5 25. Ne5 (25. Rc7+ {keeps more tension.} Nf7 26. Ne5 Bb4+ 27. Kf1) 25... Nf7 $1 26. Rc7 $36 {[%emt 0:00:30][%mdl 2048] White is more active.} Re7 {[%emt 0:00:00] Loses the game.} (26... Bb4+ $1 $11 {and Black stays safe.} 27. Ke2 Re7) 27. Rac1 $18 Nxe5 28. dxe5 Bd7 29. Rxb7 {[%emt 0:00:00] [#] Threatens to win with Rcc7. White is much more active. The black rooks are badly placed.} Rc8 (29... Be8 $16 30. Rcc7 Rxc7 31. Bxc7 (31. Rxc7+ Kg8 $16) 31... Bc6) 30. Bc5 Rf7 31. Bxf8+ Kxf8 32. Rc2 (32. Rxc8+ $142 Bxc8 33. Rb8) 32... Ke8 (32... Rxc2 {might work better.} 33. Bxc2 Kg7) 33. b4 Rf5 34. b5 axb5 35. axb5 Rxe5 36. b6 {[%emt 0:00:00] Rxc8+ is the strong threat.} Rxc2 (36... Rd8) 37. Bxc2 {[%emt 0:00:00][%mdl 4096] Endgame KRB-KRB} d4 38. Ra7 (38. Bxg6+ Ke7 $16) 38... Bc6 {[%emt 0:00:30] Inhibits Ra8+.} 39. Rc7 (39. Bxg6+ Kd8 $16) 39... Bh1 40. b7 ({Weaker is} 40. Bxg6+ Kd8 $16) 40... Bxb7 41. Rxb7 dxe3 $2 (41... Kf8 42. Ke2 dxe3 43. fxe3 (43. Bxg6 exf2+ 44. Kxf2 h4 $18) 43... g4 44. hxg4 hxg4 45. Bxg6 g3 46. Rf7+ Kg8) 42. Bxg6+ {[%emt 0:32:00] KRB-KR} Kf8 43. f3 g4 44. fxg4 hxg4 45. hxg4 Rg5 46. Bh5 Re5 47. Ke2 Re4 48. Rb3 Ke7 49. Rxe3 (49. Rb5 $142 e5 50. Rb6 Kf8 51. Rb7 Rf4 52. Kxe3 Kg8 53. Re7 Kh8 54. Rxe5) 49... Ra4 50. Kf3 Kf6 51. Kg3 Ra1 52. Kh4 Rh1+ {[%emt 0:00:00] [#]} 53. Rh3 $1 Rg1 54. Rf3+ Ke5 55. Kg5 Ke4 56. Ra3 e5 57. Bg6+ Kd4 58. Rd3+ Kc4 59. Rd8 {[%emt 0:00:00] Weighted Error Value: White=0.13 (very precise) /Black=0.52} 1-0

[Event "Bangabandhu Premier Div League 2022"]
[Site "Dhaka"]
[Date "2022.12.02"]
[Round "3.4"]
[White "Subrota, Biswas"]
[Black "Swarnavo Choudhury"]
[Result "1-0"]
[ECO "A15"]
[WhiteElo "2288"]
[BlackElo "1977"]
[Annotator "TA"]
[PlyCount "47"]
[EventDate "2022.11.30"]
[EventType "team-tourn"]
[EventCountry "BAN"]
[SourceTitle "playchess.com"]
[Source "ChessBase"]
[SourceQuality "1"]
[TimeControl "40/5400+30:1800+30"]

1. Nf3 Nf6 2. c4 c6 3. Qa4 g6 4. Nc3 Bg7 5. e4 d6 6. d4 {[%emt 0:00:32] A15: English Opening: 1...Nf6.} Nbd7 7. Be2 O-O {[%emt 0:05:44] [#]} 8. Be3 $146 {[%emt 0:00:22] White is slightly better.} ({Predecessor:} 8. h3 e5 9. dxe5 dxe5 10. Be3 Ne8 11. Rd1 Nc7 12. b4 Ne6 13. b5 Qc7 14. O-O {1-0 (47) Schild,C (2308)-Schwing,H (2276) Birkenfeld 2013}) 8... e5 9. dxe5 ({White should play} 9. Qc2 $11) 9... dxe5 (9... Ng4 $1 $15) 10. Nd2 (10. Bxa7 $2 {too greedy.} b6 11. O-O Nc5 12. Qxc6 Rxa7 $19) 10... Qc7 11. c5 Rd8 12. Nc4 $36 {[%emt 0:02:50][%mdl 2048] White has good play.} Bf8 13. b4 Be7 (13... a5 $11 {keeps the balance.}) 14. O-O $16 {[%emt 0:06:09] White is much more active.} Nf8 15. f4 Bg4 16. fxe5 ({Reject} 16. Nxe5 $6 Bxe2 17. Nxe2 Nxe4 $11) 16... Bxe2 17. Nxe2 Nxe4 {[%emt 0:00:39] [#]} (17... Ng4 {was necessary.}) 18. Qc2 $1 $18 f5 19. Qb3 {[%emt 0:00:03] Threatens to win with Nd6+.} Kh8 20. Nd6 Bxd6 (20... Bg5 21. Nf7+ Qxf7 22. Qxf7 Bxe3+ 23. Kh1 Rd7) 21. exd6 {[%emt 0:00:05] White is clearly winning.} ({Not} 21. cxd6 Qd7 22. Nc3 Nxc3 $16) 21... Qg7 22. Bd4 Nf6 23. g4 {[%emt 0:02:10][%cal Bg2g4,Bg4g5][%mdl 32] [#] Hoping for g5.} Re8 {[%emt 0:00:57] Against g5} 24. g5 {[%emt 0:00:16] Weighted Error Value: White=0.11 (very precise) /Black=0.57} 1-0

[Event "Bangabandhu Premier Div League 2022"]
[Site "Dhaka"]
[Date "2022.12.02"]
[Round "3.5"]
[White "Masum, Hossain"]
[Black "Mohammed Abdul, Malek"]
[Result "0-1"]
[ECO "A06"]
[WhiteElo "2103"]
[BlackElo "2152"]
[Annotator "TA"]
[PlyCount "70"]
[EventDate "2022.11.30"]
[EventType "team-tourn"]
[EventCountry "BAN"]
[SourceTitle "playchess.com"]
[Source "ChessBase"]
[SourceQuality "1"]
[TimeControl "40/5400+30:1800+30"]

1. Nf3 e6 2. b3 d5 3. Bb2 a5 4. e3 Nf6 5. d4 Nbd7 6. Bd3 {[%emt 0:00:03] [#] A06: Réti Opening: 1 Nf3 d5.} a4 $146 ({Predecessor:} 6... b6 7. O-O Bb7 8. Nbd2 Rc8 {½-½ (8) Genov,P (2206)-Todorov,K (2031) Primorsko 2020}) 7. O-O c5 (7... a3 $5 8. Bc1 b6 $11) 8. c4 {[%emt 0:01:07] White is slightly better.} Qc7 (8... cxd4 $14 9. exd4 axb3) 9. Nc3 $16 (9. bxa4 cxd4 10. cxd5 dxe3 $14) 9... cxd4 (9... Be7 $16 {is a better defense.} 10. cxd5 (10. Nxa4 dxc4 11. Bxc4 b6 $16) 10... exd5) 10. exd4 (10. Nxa4 $6 dxc4 11. Bxc4 (11. bxc4 dxe3 12. fxe3 b6 $15) 11... dxe3 $14) 10... dxc4 11. bxc4 a3 12. Nb5 Qb8 13. Bc3 Be7 14. Rb1 O-O 15. Ne5 Nxe5 16. dxe5 Nd7 17. Nd6 (17. Qh5 g6 18. Qh6 Nc5) 17... g6 18. Bc2 (18. Be4 $142) 18... Rd8 (18... Ra6 $142) 19. Qd4 Nxe5 $2 (19... f6 $16) 20. Qxe5 $18 f6 {[%emt 0:00:09] [#]} 21. Qe3 (21. Nxc8 $1 $18 fxe5 22. Nxe7+ Kf7 23. Nc6 bxc6 24. Rxb8 Raxb8 25. Re1) 21... Qxd6 $14 22. Rfd1 {[%emt 0:05:23] Prevents e5.} Qc7 23. h4 (23. Rxd8+ $14 Bxd8 24. h4) 23... Rxd1+ $11 24. Rxd1 {[%emt 0:00:15][%cal Oh4h5] Hoping for h5!} Qxc4 (24... e5 $11 {remains equal.}) 25. h5 $16 {[%emt 0:06:38][%cal Oe3h6] Qh6! would kill now.} Qg4 (25... gxh5 26. Qh6 $1 e5 27. Bxh7+ Kf7 28. Qg6+ Kf8 29. Bb4 $1 ) (25... Qxa2 $2 26. Qe4 e5 27. hxg6 $18) ({Better is} 25... Qh4) 26. hxg6 hxg6 27. Rd4 (27. Rd3 $1 $16) 27... Qh5 {[%emt 0:08:01] [#]} (27... Qg5 $1 $14) 28. Rc4 $1 $18 {[%emt 0:03:30][%cal Oc4c8][%mdl 1024] White has strong compensation.} Kf8 29. Rf4 $2 (29. g4 $16 Qh4 30. Qb6) 29... Kf7 {[%emt 0:05:07] [#]} (29... Qg5 $11) 30. Qg3 ({White should play} 30. Rf3 $1 $16 {[%cal Rf3h3] And now Rh3 would win.} e5 31. Bxe5) 30... g5 $1 $11 31. Rf3 {[%emt 0:02:16] Black must now prevent Qc7.} g4 (31... e5 $5 32. Bb3+ (32. Qxe5 $2 Qxf3 33. Bb3+ Ke8 $19) 32... Kg6 33. Bxe5 Bg4 34. Bxf6 Rc8 $11) 32. Re3 (32. Bxf6 $1 $11 {and White has nothing to worry.} e5 33. Bb3+ (33. Bxe5+ $2 {is the wrong capture.} gxf3 34. Qg7+ Ke6 $19) 33... Be6 34. Bxe5+ gxf3 35. Qg7+ Ke8 36. Bxe6 fxg2 37. Qg8+ Bf8 38. Bd7+ (38. Kxg2 Rd8 $15) 38... Kd8 39. Qxf8+ (39. Bh3 Qxh3 40. Qxf8+ Kd7 $11) 39... Kxd7 40. Qd6+ Ke8 41. Qe6+ Kf8 42. Bd6+ (42. Qf6+ Qf7 $11) 42... Kg7 43. Be5+ (43. Kxg2 $2 Qg6+ 44. Qxg6+ Kxg6 $19) 43... Kf8 44. Bd6+ (44. Qf6+ Qf7 $11) 44... Kg7 45. Be5+ (45. Kxg2 $2 Qg6+ 46. Qxg6+ Kxg6 $19) 45... Kf8) 32... Bd7 $19 {[%emt 0:01:21] aiming for ...Rh8. Black is clearly winning.} 33. Qc7 {[%emt 0:00:07] [#]} (33. Bxf6 $142 Bxf6 34. Qc7) 33... Rh8 $1 34. Kf1 Bb5+ 35. Ke1 Rd8 {[%emt 0:01:56] Weighted Error Value: White=0.85/Black=0.31} (35... Qd5 $142 36. f4 Qxg2) 0-1